 Dungeon Crawl Stone Soup version 0.29-a0-1052-g6990b1bffc (webtiles) character file.

Game seed: 6229523657711098508

2 spaghetti the Grave Robber (level 1, 0/13 HPs)
             Began as a Mummy Necromancer on Aug 18, 2022.
             Slain by a jackal (3 damage)
             ... on level 1 of the Dungeon.
             The game lasted 00:00:25 (136 turns).

spaghetti the Grave Robber (Mummy Necromancer)       Turns: 136, Time: 00:00:26

Health: 0/13       AC:  2    Str: 11    XL:     1   Next: 33%
Magic:  0/4        EV: 12    Int: 14    God:
Gold:   0          SH:  0    Dex: 12    Spells: 4/5 levels left

rFire   x . .      SeeInvis .   (no weapon)
rCold   + . .      Faith    .   (no shield)
rNeg    + + +      Spirit   .   a - +0 robe
rPois   ∞          Reflect  .   (no helmet)
rElec   .          Harm     .   (no cloak)
rCorr   .          Rampage  .   (no gloves)
Will    .....                   (no boots)
Stlth   ++........              (no amulet)
HPRegen 0.04/turn               (no ring)
MPRegen 0.09/turn               (no ring)

@: no status effects
A: cold resistance 1, negative energy resistance 3, torment resistance 2, heat
vulnerability 1, no potions
a: no special abilities


You were on level 1 of the Dungeon.
You visited 1 branch of the dungeon, and saw 1 of its levels.


Innate Abilities, Weirdness & Mutations

You are immune to poison.
Your flesh is cold resistant. (rC+)
You are immune to negative energy. (rN+++)
You are immune to unholy pain and torment.
You are vulnerable to heat. (rF-)
You do not drink.


   Skills:
 - Level 1.5 Dodging
 - Level 1.5 Stealth
 - Level 2.6 Spellcasting
 + Level 4.1 Necromancy


You had 4 spell levels left.
You knew the following spells:

 Your Spells              Type           Power      Damage    Failure   Level
a - Necrotise             Necr           52%        1d6       4%          1

Your spell library contained the following spells:

 Spells                   Type           Power      Damage    Failure   Level
 Vampiric Draining        Necr           13%        2d6       12%         3
 Animate Dead             Necr           13%        N/A       38%         4
 Agony                    Necr           13%        N/A       75%         5

Inventory:

Hand Weapons
 b - a +0 dagger {short}
   (You found it on level 1 of the Dungeon)
Missiles
 e - 5 curare-tipped darts {=fthrowing}
Armour
 a - a +0 robe (worn)
Scrolls
 c - 4 scrolls of poison {unknown}
 d - a scroll of fear {unknown}

Dungeon Overview and Level Annotations

Branches:
Dungeon (1/15) Zot: 5863

Altars:

###### #.....###########
#### .#.....#.........#
[... .......+.........+
....
#.....#.........####....
.#....h#h....#.......#...
......hh@................
.#...$.#.....#...........
#.....#.....##..........
###+###.....##..........
#.................
#####.............
#.............
#.............
#..........##.


You could see 4 jackals.


Message History

😎 MP[+2]
Your mp is fully restored (4).
c - 4 scrolls labelled JETOTHIMAR (gained 3)
e - 5 curare-tipped darts {=fthrowing} 2 jackals come into view.
There are monsters nearby!
There are monsters nearby!
Casting: Necrotise (safe; 4% risk of failure)
Confirm with . or Enter, or press ? or * to list all spells.
Aiming: Necrotise (safe; 4% risk of failure)
Press: ? - help, Shift-Dir - straight line, f - jackal
Aim: a jackal (chance to affect: 83%)
The jackal barely resists.
The jackal barks!
A jackal comes into view. 😎 MP[-1]
You lost 1 mp, and now have 3/4 mp.
Casting: Necrotise (safe; 4% risk of failure)
Confirm with . or Enter, or press ? or * to list all spells.
Aiming: Necrotise (safe; 4% risk of failure)
Press: ? - help, Shift-Dir - straight line, f/p - jackal
Aim: a jackal (chance to affect: 83%)
The jackal writhes in agony.
The jackal barks!
A jackal comes into view. 😎 MP[-1]
You lost 1 mp, and now have 2/4 mp.
Casting: Necrotise (safe; 4% risk of failure)
Confirm with . or Enter, or press ? or * to list all spells.
Aiming: Necrotise (safe; 4% risk of failure)
Press: ? - help, Shift-Dir - straight line, f/p - jackal
Aim: a jackal (moderately wounded, chance to affect: 83%)
The jackal barely resists. 😎 MP[-1]
You lost 1 mp, and now have 1/4 mp.
Casting: Necrotise (safe; 4% risk of failure)
Confirm with . or Enter, or press ? or * to list all spells.
Aiming: Necrotise (safe; 4% risk of failure)
Press: ? - help, Shift-Dir - straight line, f/p - jackal
Aim: a jackal (moderately wounded, chance to affect: 83%)
The jackal barely resists.
The jackal pauses to sniff the ground.
The jackal bites you. 😕 HP[-2] MP[-1]
You take 2 damage, and now have 11/13 hp.
You lost 1 mp, and now have 0/4 mp.
Casting: Necrotise (safe; 4% risk of failure)
Confirm with . or Enter, or press ? or * to list all spells.
You don't have enough magic to cast this spell.
Casting: Necrotise (safe; 4% risk of failure)
Confirm with . or Enter, or press ? or * to list all spells.
You don't have enough magic to cast this spell.
Casting: Necrotise (safe; 4% risk of failure)
Confirm with . or Enter, or press ? or * to list all spells.
You don't have enough magic to cast this spell.
Casting: Necrotise (safe; 4% risk of failure)
Confirm with . or Enter, or press ? or * to list all spells.
You don't have enough magic to cast this spell.
The jackal barely misses you.
Really attack while wielding nothing? [Y]es or [N]o only, please.
Really attack while wielding nothing? [Y]es or [N]o only, please.
Really attack while wielding nothing?
You barely miss the jackal. You closely miss the jackal.
The jackal bites you but does no damage.
The jackal bites you. The jackal barely misses you.
The jackal bites you. 😮 HP[-4]
You take 4 damage, and now have 7/13 hp.
MASSIVE DAMAGE!! (PAUSE)
You hit the jackal. The jackal bites you.
* * * LOW HITPOINT WARNING * * *
😨 HP[-1]
You take 1 damage, and now have 6/13 hp.
Unknown command.
You hit the jackal but do no damage. The jackal closely misses you.
Unknown command.
You barely miss the jackal. The jackal bites you.
* * * LOW HITPOINT WARNING * * *
The jackal bites you.
* * * LOW HITPOINT WARNING * * *
The jackal barely misses you. The jackal misses you. 😱 HP[-3]
You take 3 damage, and now have 3/13 hp.
MASSIVE DAMAGE!! (PAUSE) Unknown command.
You miss the jackal. 😱 MP[+1]
Casting: Necrotise (safe; 4% risk of failure)
Confirm with . or Enter, or press ? or * to list all spells.
Aiming: Necrotise (safe; 4% risk of failure)
Press: ? - help, Shift-Dir - straight line, f - jackal, p - jackal
Aim: a jackal (chance to affect: 83%)
The jackal writhes in agony.
The jackal barely misses you. x2
The jackal bites you but does no damage. 😱 MP[-1]
You lost 1 mp, and now have 0/4 mp.
You hit the jackal but do no damage. The jackal bites you.
You die...

Action                   || total
-------------------------++-------
Melee: Unarmed           ||     7
 Cast: Necrotise         ||     9
Armor: Robe              ||     2
Dodge: Dodged            ||     9

Levels and vault maps discovered:
D:1:      giann_bridges, layout_basic, basic_ecumenical_altar

Notes
Turn   | Place    | Note
-------+----------+-------------------------------------------
     0 | D:1      | spaghetti the Mummy Necromancer began the quest for the
                  | Orb.
     0 | D:1      | Reached XP level 1. HP: 13/13 MP: 4/4
     0 | D:1      | magus.rc [v1.9.6]
   133 | D:1      | HP: 3/13 [jackal (1)]
   136 | D:1      | Slain by a jackal

Vanquished Creatures
  2 endoplasms (D:1)
2 creatures vanquished.

Table legend:
 A = Non-vault XP
 B = Vault XP
 C = Vault XP percentage of total XP
 D = Non-vault monster count
 E = Vault monster count
 F = Vault count percentage of total count
                 A         B        C        D         E       F
            +---------+---------+-------+---------+---------+-------
      Total |       4 |       0 |   0.0 |       2 |       0 |   0.0
            +---------+---------+-------+---------+---------+-------
        D:1 |       4 |       0 |   0.0 |       2 |       0 |   0.0
            +---------+---------+-------+---------+---------+-------

Illustrated notes

Table legend:
 A = Kills in this place as a percentage of kills in entire the game.
 B = Kills by you in this place as a percentage of kills by you in the entire game.
 C = Kills by friends in this place as a percentage of kills by friends in the entire game.
 D = Other kills in this place as a percentage of other kills in the entire game.
 E = Experience gained in this place as a percentage of experience gained in the entire game.
 F = Experience gained in this place divided by the number of levels of this place that you have seen.
                   A       B       C       D       E      F
               +-------+-------+-------+-------+-------+----------------------
         Total | 100.0 | 100.0 |   N/A |   N/A | 100.0 |   4.0
       Dungeon | 100.0 | 100.0 |   N/A |   N/A | 100.0 |   4.0
               +-------+-------+-------+-------+-------+----------------------

Table legend: (Time is in decaauts)
 A = Elapsed time spent in this place.
 B = Non-inter-level travel time spent in this place.
 C = Inter-level travel time spent in this place.
 D = Time resting spent in this place.
 E = Time spent auto-exploring this place.
 F = Levels seen in this place.
 G = Mean time per level.
                   A        B        C        D        E       F      G
               +--------+--------+--------+--------+--------+-----+--------+
         Total |    136 |    136 |      0 |      0 |    104 |   1 |  136.0 |
       Dungeon |    136 |    136 |      0 |      0 |    104 |   1 |  136.0 |
               +--------+--------+--------+--------+--------+-----+--------+

Top non-repeatable levels by time:
     D:1: 136 daAuts
